 Dungeon Crawl Stone Soup version 0.31-a0-112-gdf0485fa37 (webtiles) character file.

Game seed: 15198676321690386417

56 kae the Changer (level 3, 0/28 HPs)
             Began as a Draconian Transmuter on May 28, 2023.
             Slain by a gnoll
             ... wielding a +0 flail
              (13 damage)
             ... on level 2 of the Dungeon.
             The game lasted 00:01:16 (970 turns).

kae the Changer (Draconian Transmuter)               Turns: 970, Time: 00:01:16

Health: 0/28       AC:  2    Str: 12    XL:     3   Next: 71%
Magic:  4/6        EV: 19    Int: 15    God:
Gold:   67         SH:  0    Dex: 22    Spells: 1/7 levels left

rFire   . .          .
                       - Unarmed
rCold   . . .        (shield currently unavailable)
rNeg    . . .        (body armour unavailable)
rPois   x            (helmet currently unavailable)
rElec   .            (cloak currently unavailable)
rCorr   .            (gloves currently unavailable)
SInv    .            f - melded +1 pair of boots "Dicif" {Int+2 SInv}
Will    .....        (no amulet)
Stlth   ++           D - +6 ring of dexterity
HPRegen 0.24/turn    (no ring)
MPRegen 0.10/turn

%: no passive effects
@: spider-form (expiring)
A: venomous fangs, AC +5, tiny, unfitting armour, (cold-blooded)
a: End Transformation


You were on level 2 of the Dungeon.
You were a venomous arachnid creature.
You visited 1 branch of the dungeon, and saw 2 of its levels.

You collected 67 gold pieces.


Innate Abilities, Weirdness & Mutations

You are a venomous arachnid creature.
You have venomous fangs.
You are tiny and dextrous.
Your spellcasting is less reliable in this form.
Your armour is entirely melded.
You are incapable of wielding weapons or throwing items.
((Your plain brown scales are hard. (AC +5)))
You cannot fit into any form of body armour.
((You are cold-blooded and may be slowed by cold attacks.))


   Skills:
 - Level 1.1 Fighting
 - Level 1.7 Dodging
 - Level 3.0 Unarmed Combat
 + Level 2.6 Spellcasting
 * Level 3.3 Transmutations
 * Level 1.0 Poison Magic


You had one spell level left.
You knew the following spells:

 Your Spells              Type           Power      Damage    Failure   Level
a - Beastly Appendage     Tmut           24%        N/A       16%         1
b - Wereblood             Tmut           12%        N/A       21%         2
c - Spider Form           Tmut/Pois      8%         N/A       47%         3

Your spell library contained the following spells:

 Spells                   Type           Power      Damage    Failure   Level
 Frozen Ramparts          Ice            2%         1d1       75%         3
 Ice Form                 Ice/Tmut       7%         N/A       87%         4
 Summon Ice Beast         Ice/Summ       1%         N/A       98%         4

Inventory:

Missiles
 b - 2 stones
Armour
 f - the +1 pair of boots "Dicif" (melded) {Int+2 SInv}
   (You found it on level 2 of the Dungeon)

   Int:       It affects your intelligence (+2).
   SInv:      It lets you see invisible.
Jewellery
 D - a +6 ring of dexterity (left front pincers)
   (You found it on level 1 of the Dungeon)
Scrolls
 d - a scroll of brand weapon {unknown}
 e - a scroll of blinking {unknown}
 g - a scroll of identify {unknown}
 i - a scroll of amnesia {unknown}
Potions
 a - a potion of lignification {!q}
 c - 2 potions of magic {unknown}
 h - a potion of mutation {unknown}
 j - a potion of heal wounds {unknown}

Dungeon Overview and Level Annotations

Branches:
Dungeon (2/15) Zot: 11033

Altars:

#.........# #........#...
#.....)...# ######.##.#.# #
#.........# #..)........# .#
#.........# ####.####......##.#
#.........###.)..#####........##
#.........#...####.#.<.#.##.....
#.........#.###....[........##
##>.........#...#...#.##.####
##...........#s).#.#.##..###
###.#....####g###.#.###...#
........# #g# #.#.#####.#
.####...## #.# #.#...# #.#
#..#.. #.# #.###.###># ...###.
#.# #.# #...#.# ..# #.#
###...### ..# ###...# #...#


You could see 2 gnolls.


Message History

You hit the worm but do no damage. You claw the worm. You headbutt the worm.
The bat closely misses you. The worm closely misses you. 😕 HP[+1]
You hit the worm.
You kill the worm!
The bat barely misses you.
You hit the bat.
You kill the bat! 😕 MP[+1]
Your mp is fully restored (6).
Unknown command.
No target in view!
No target in view!
Your transformation is almost over.
A goblin comes into view. It is wielding a +0 dagger.
A goblin is nearby! 😕 HP[+2]
You regained 2 hp, and now have 27/28 hp.
A goblin is nearby!
A goblin is nearby!
Casting: Beastly Appendage (safe; 5% risk of failure)
Confirm with . or Enter, or press ? or * to list all spells.
You extend your transformation's duration.
The goblin shouts!
Your transformation is almost over. 😕 MP[-1]
You lost 1 mp, and now have 5/6 mp.
A goblin is nearby!
Found a stone staircase leading down.
You hit the goblin. Your kick misses the goblin. You headbutt the goblin.
You kill the goblin! 😎 HP[+1]
Your hp is fully restored (28).
h - a lumpy inky potion No target in view!
No target in view!
i - a scroll labelled YPPIFA FIPOSOO No target in view!
No target in view!
Your horns disappear.
Your talons disappear.
The +1 pair of boots "Dicif" {Int+2 SInv} unmelds from your body.
You now have 67 gold pieces (gained 11).
j - a coppery potion 😎 MP[+1]
Your mp is fully restored (6).
Unknown command. 2 gnolls come into view.
The gnoll shouts! x2; You hear a shout!
A gnoll comes into view. It is wielding a +0 halberd.
There are monsters nearby!
There are monsters nearby!
Casting: Beastly Appendage (safe; 4% risk of failure)
Confirm with . or Enter, or press ? or * to list all spells.
The spell is quite dangerous to miscast (24% risk of failure)!
Continue anyway? [Y]es or [N]o only, please.
The spell is quite dangerous to miscast (24% risk of failure)!
Continue anyway?
You turn into a venomous arachnid creature.
The +1 pair of boots "Dicif" {Int+2 SInv} melds into your body. 😎 MP[-3]
You lost 3 mp, and now have 3/6 mp.
Casting: Spider Form (extremely dangerous; 50% risk of failure)
Confirm with . or Enter, or press ? or * to list all spells.
You lack blood to transform.
Okay, then.
You hit the gnoll.
The gnoll is poisoned.
The gnoll barely misses you.
You hit the gnoll but do no damage. The gnoll closely misses you.
You hit the gnoll but do no damage.
The gnoll looks as sick as possible!
A gnoll comes into view. It is wielding a +0 spear.
The gnoll hits you with a +0 club.
The gnoll shouts!
You hit the gnoll but do no damage.
The gnoll looks as sick as possible!
The gnoll hits you from afar with a +0 halberd.
The gnoll hits you with a +0 club. 😮 HP[-9]
You take 9 damage, and now have 19/28 hp.
MASSIVE DAMAGE!! (PAUSE)
You hit the gnoll.
You kill the gnoll!
The gnoll misses you.
Your Poison Magic skill increases to level 1!
Your transformation is almost over.
The gnoll closely misses you.
Things that are here:
a +0 club; a gnoll corpse You hit the gnoll.
The gnoll is poisoned.
You hit the gnoll but do no damage.
The gnoll is poisoned.
The gnoll hits you from afar with a +0 spear!
* * * LOW HITPOINT WARNING * * *
The gnoll completely misses you. The gnoll closely misses you. 😨 HP[-6]
You take 6 damage, and now have 13/28 hp.
MASSIVE DAMAGE!! (PAUSE)
You hit the gnoll.
The gnoll looks as sick as possible! 😨 MP[+1] Unknown command.
Unknown command.
You hit the gnoll.
You kill the gnoll!
The gnoll hits you with a +0 flail!
You die...

Skill      XL: |  1  2  3 |
---------------+----------+-----
Transmutations | 3 |  3.3
Poison Magic   | 1 |  1.0
Fighting       | |  1.1
Dodging        | |  1.7
Unarmed Combat | |  3.0
Spellcasting   | |  2.6

Action                     || total
---------------------------++-------
  Melee: Unarmed           ||    86
         Kick              ||    20
         Tailslap          ||     8
         Headbutt          ||     8
         Punch             ||     1
   Cast: Beastly Appendage ||    21
         Spider Form       ||     1
 Armour: Skin              ||    26
  Dodge: Dodged            ||    65

Levels and vault maps discovered:
D:1:      tarquinn_simple_flora_water_c, layout_loops_cross,
          basic_ecumenical_altar
D:2:      layout_rooms, grunt_decor_one_mirror, wad_orctagon

Notes
Turn   | Place    | Note
-------+----------+-------------------------------------------
     0 | D:1      | kae the Draconian Transmuter began the quest for the Orb.
     0 | D:1      | Reached XP level 1. HP: 16/16 MP: 3/3
     0 | D:1      | magus.rc [v1.11.3]
   111 | D:1      | Reached XP level 2. HP: 19/23 MP: 5/5
   194 | D:1      | Found a faded altar of an unknown god.
   287 | D:1      | You pick up a book of Rime and begin reading...
   287 | D:1      | You add the spells Frozen Ramparts and Summon Ice Beast to
                  | your library.
   562 | D:1      | Reached skill level 3 in Transmutations
   572 | D:1      | Learned a level 2 spell: Wereblood
   700 | D:1      | Reached XP level 3. HP: 28/28 MP: 6/6
   704 | D:1      | Learned a level 3 spell: Spider Form
   754 | D:2      | Identified the +1 pair of boots "Dicif" {Int+2 SInv}
   759 | D:2      | Identified the +0 leather armour of Classification {rElec
                  | Dex+3}
   966 | D:2      | Reached skill level 1 in Poison Magic
   970 | D:2      | Slain by a gnoll

Vanquished Creatures
  An adder (D:2)
  2 gnolls (D:2)
  A worm (D:2)
  2 endoplasms (D:1)
  A giant cockroach (D:1)
  4 goblins
  4 hobgoblins
  2 jackals (D:1)
  3 kobolds
  2 quokkas (D:1)
  4 ball pythons (D:1)
  5 bats
  2 frilled lizards (D:1)
  3 rats (D:1)
36 creatures vanquished.

Table legend:
 A = Non-vault XP
 B = Vault XP
 C = Vault XP percentage of total XP
 D = Non-vault monster count
 E = Vault monster count
 F = Vault count percentage of total count
                 A         B        C        D         E       F
            +---------+---------+-------+---------+---------+-------
      Total |      95 |       0 |   0.0 |      36 |       0 |   0.0
            +---------+---------+-------+---------+---------+-------
        D:1 |      42 |       0 |   0.0 |      27 |       0 |   0.0
        D:2 |      53 |       0 |   0.0 |       9 |       0 |   0.0
            +---------+---------+-------+---------+---------+-------

Skill      XL: |  1  2  3 |
---------------+----------+-----
Transmutations | 3 |  3.3
Poison Magic   | 1 |  1.0
Fighting       | |  1.1
Dodging        | |  1.7
Unarmed Combat | |  3.0
Spellcasting   | |  2.6

Action                     || total
---------------------------++-------
  Melee: Unarmed           ||    86
         Kick              ||    20
         Tailslap          ||     8
         Headbutt          ||     8
         Punch             ||     1
   Cast: Beastly Appendage ||    21
         Spider Form       ||     1
 Armour: Skin              ||    26
  Dodge: Dodged            ||    65

Illustrated notes

Table legend:
 A = Kills in this place as a percentage of kills in the entire game.
 B = Kills by you in this place as a percentage of kills by you in the entire game.
 C = Kills by friends in this place as a percentage of kills by friends in the entire game.
 D = Other kills in this place as a percentage of other kills in the entire game.
 E = Experience gained in this place as a percentage of experience gained in the entire game.
 F = Experience gained in this place divided by the number of levels of this place that you have seen.
                   A       B       C       D       E      F
               +-------+-------+-------+-------+-------+----------------------
         Total | 100.0 | 100.0 |   N/A |   N/A | 100.0 |  47.5
       Dungeon | 100.0 | 100.0 |   N/A |   N/A | 100.0 |  47.5
               +-------+-------+-------+-------+-------+----------------------

Table legend: (Time is in decaauts)
 A = Elapsed time spent in this place.
 B = Non-inter-level travel time spent in this place.
 C = Inter-level travel time spent in this place.
 D = Time resting spent in this place.
 E = Time spent auto-exploring this place.
 F = Levels seen in this place.
 G = Mean time per level.
                   A        B        C        D        E       F      G
               +--------+--------+--------+--------+--------+-----+--------+
         Total |    965 |    960 |      5 |      0 |    722 |   2 |  482.5 |
       Dungeon |    965 |    960 |      5 |      0 |    722 |   2 |  482.5 |
               +--------+--------+--------+--------+--------+-----+--------+

Top non-repeatable levels by time:
     D:1: 749 daAuts
     D:2: 215 daAuts
